cohdb
Replays
Latest Replays
All Replays
Popular Replays
Top Player Replays
Match Explorer
How It Works
Community
CoH3 Stats
Reddit
Sign in to upload your games and track your stats! →
Sign in with Steam
Match 28505260
Unlisted
Match 28505260
Overview
Messages
Build Orders
End
Construct Section Command Post
Royal Engineer Section
Selects Heavy Armor Battlegroup
Infantry Section
Dingo Light Scout Car
Infantry Section
ML 3-inch Mortar Team
Construct Field Infirmary
Construct Platoon Command Post
Humber Armored Car
Grenade Package
Vickers Machine Gun Team
Infantry Section
Selects Engineer Detachments
6-pounder Anti-tank Gun Team
Construct Company Command Post
Selects Crusader AA Medium Tank
Selects UNKNOWN (2162094)
6-pounder Anti-tank Gun Team
Churchill IV Heavy Tank
Selects Light Vehicle Withdraw and Refit
Selects Radio Net
Selects Designate Targets
Infantry Section
Churchill IV Heavy Tank
Wrathment
新手只手虐狗
0
0
Comments
sign in to comment!
No comments posted yet!